 Dungeon Crawl Stone Soup version 0.19-a0-811-gf4045fb (webtiles) character file.

10090 Ijustatesigmund the Covert (level 11, -2/58 HPs)
             Began as a Vine Stalker Assassin on June 28, 2016.
             Was an Elder of Dithmenos.
             Slain by a black mamba (4 damage)
             ... on level 2 of the Lair of Beasts.
             The game lasted 00:35:44 (9700 turns).

Ijustatesigmund the Covert (Vine Stalker Assassin)  Turns: 9700, Time: 00:35:45

Health: -2/58      AC:  6    Str: 15    XL:     11   Next: 56%
Magic:  0/19       EV: 13    Int: 11    God:    Dithmenos [****..]
Gold:   605        SH:  7    Dex: 18    Spells: 0 memorised, 10 levels left

rFire  . . .     SeeInvis .     p - +3 dagger (speed)
rCold  + + .     Gourm    .     J - +2 robe {rC+}
rNeg   . . .     Faith    .     M - +1 buckler of Impermeability {-Tele *Corrode MR+++ Stlth+}
rPois  .         Spirit   +     (no helmet)
rElec  .         Dismiss  .     a - +2 cloak
rCorr  .         Reflect  .     i - +2 pair of gloves
SustAt .         Harm     .     (no boots)
MR     ++++.     NoTele   +     (no amulet)
Stlth  ++++++++..               h - ring of teleportation (curse)
                                v - ring of protection from cold

@: corroded, very slightly contaminated, hasted, wreathed by umbra, very quick,
incredibly resistant to hostile enchantments, extraordinarily stealthy
A: fangs 3, regeneration 2, magic shield, antimagic bite, no device heal 3, rot
immunity
a: Shadow Step, Renounce Religion


You were on level 2 of the Lair of Beasts.
You worshipped Dithmenos.
Dithmenos was greatly pleased with you.
You were very hungry.

You visited 2 branches of the dungeon, and saw 13 of its levels.
You also visited: Ossuary.

You collected 605 gold pieces.

Inventory:

Hand Weapons
 b - a +0 blowgun
 j - a +3 dagger
 p - a +3 dagger of speed (weapon)
Missiles
 e - 49 poisoned needles
 x - 5 curare-tipped needles
Armour
 a - a +2 cloak (worn)
 i - a +2 pair of gloves (worn)
 n - the +3 plate armour of Cumael {rF- Str+8 Dex+5 Slay-6, unknown}
   (You found it on level 2 of the Lair of Beasts)

   It affects your strength (+8).
   It affects your dexterity (+5).
   It affects your accuracy and damage with ranged weapons and melee attacks
   (-6).
   It makes you vulnerable to fire.
 s - a +2 cloak of magic resistance
 J - a +2 robe of cold resistance (worn)
 M - the +1 buckler of Impermeability (worn) {-Tele *Corrode MR+++ Stlth+}
   (You acquired it on level 10 of the Dungeon)

   It affects your resistance to hostile enchantments.
   It prevents most forms of teleportation.
   It may corrode you when you take damage.
   It makes you more stealthy.
Jewellery
 f - an uncursed amulet of harm
 h - a cursed ring of teleportation (right hand)
 v - a ring of protection from cold (left hand)
 y - an uncursed ring of flight
 A - an uncursed ring of protection from cold
Wands
 c - a wand of digging (16/24)
 t - a wand of digging (16/24)
 C - a wand of iceblast (6/15)
 E - a wand of lightning (0/15)
 H - a wand of iceblast (5/15)
Scrolls
 o - a scroll of fog
 G - 2 scrolls of teleportation
Potions
 d - 2 potions of resistance
 k - 2 potions of cancellation
 l - a potion of mutation
 m - a potion of magic
 q - 3 potions of curing
 r - a potion of haste
 u - 3 potions of lignification
 w - 2 potions of flight
 z - a potion of ambrosia
 F - a potion of might {unknown}
 P - a potion of berserk rage {unknown}
Comestibles
 g - 10 bread rations
 I - 9 beef jerkies
 O - 2 fruits


   Skills:
 + Level 7.2 Fighting
 + Level 7.3 Short Blades
 - Level 1.7 Throwing
 - Level 2.5 Armour
 - Level 2.8 Dodging
 + Level 9.9 Stealth
 - Level 5.5 Shields
 - Level 9.8 Invocations


You had 10 spell levels left.
You didn't know any spells.

Dungeon Overview and Level Annotations

Branches:
Dungeon (11/15)            Temple (0/1) D:6            Lair (2/6) D:8
  Swamp: Lair:2-4    Shoals: Lair:2-4     Snake: Lair:2-4    Spider: Lair:2-4
    Orc: D:9-12

Altars:
Dithmenos
Elyvilon
Gozag
Kikubaaqudgha
Ru
Vehumet
Zin


Innate Abilities, Weirdness & Mutations

You have razor-sharp teeth.
You heal very quickly.
When hurt, damage is shared between your health and your magic reserves.
Your bite disrupts and absorbs the magic of your enemies.
Potions and wands cannot restore your health.
You are immune to rotting.


Message History

You feel sick. The black mamba closely misses you.
Your system partially rejects the healing.
You feel better. You block the black mamba's attack.
You feel yourself speed up.
The black mamba bites you but does no damage.
The black mamba bites you!
* * * LOW HITPOINT WARNING * * *
Your corrosive artefact corrodes you!
You are very lightly contaminated with residual magic.
The blink frog hits you!
* * * LOW HITPOINT WARNING * * *
The blink frog blinks!
You block the black mamba's attack.
You see here a blink frog corpse.
You completely miss the blink frog.
The blink frog is almost dead.
You closely miss the blink frog. Your bite misses the blink frog.
The blink frog is almost dead.
Your shadow hits the blink frog but does no damage.
The black mamba bites you!
You die...

#P.#..#...####.# ###.###
##..###P....#..## ##.####
#.P............####.....#
#.......##............###
##....#####P..#......P##
.#.... ###........###
...######.##........#.#.
.#..#.##.##.....F.......
.....#.F........@.....##
.............##S#####.#
........#....#.## .#
.......###...†## .#
...#P.........##
...###P........### .###
###...##...... ..##
#..###.....# ...#
#..###.......


You could see a black mamba and a blink frog.

Vanquished Creatures
  A hydra (Lair:1)
  A death yak (Lair:1)
  An unseen horror (D:10)
  A black mamba (Lair:1)
  2 komodo dragons
  The ghost of Ijustatesigmund the Sneak, a novice VSAs (D:5)
  A troll (D:10)
  Prince Ribbit (D:7)
  4 blink frogs (Lair:2)
  A yak (D:9)
  A wyvern (D:9)
  2 hippogriffs
  A steam dragon (D:8)
  2 water moccasins
  Duvessa (D:5)
  A porcupine (Lair:1)
  An orc warrior (D:6)
  3 ice beasts
  2 sky beasts
  A black bear (D:7)
  7 centaurs
  2 phantoms
  2 ogres
  2 crocodiles
  11 giant frogs
  Dowan (D:5)
  4 water moccasin zombies
  3 scorpions
  4 killer bees
  5 howler monkeys
  2 electric eels (D:10)
  2 jellies
  5 crimson imps
  4 hounds
  A quasit (D:9)
  A gnoll shaman (D:6)
  6 orc priests
  2 giant frog skeletons
  11 orc wizards
  2 centaur skeletons
  4 iguanas
  5 worker ants
  3 big kobold zombies (Ossuary)
  A hound skeleton (D:8)
  2 mummies (Ossuary)
  A howler monkey zombie (D:5)
  3 worker ant zombies
  6 gnolls
  7 adders
  A shadow imp (D:10)
  4 adder zombies
  An adder skeleton (D:5)
  A worm (D:2)
  3 dart slugs
  7 giant geckos
  33 orcs
  3 ball pythons
  8 bats
  4 giant cockroaches
  6 gnoll zombies (Ossuary)
  3 hobgoblins
  3 kobolds
  2 quokkas
  2 ball python zombies (D:6)
  8 giant newts
  4 goblins
  2 hobgoblin zombies (Ossuary)
  5 kobold zombies (Ossuary)
  9 orc zombies (Ossuary)
  2 rats
249 creatures vanquished.

Notes
Turn   | Place    | Note
--------------------------------------------------------------
     0 | D:1      | Ijustatesigmund the Vine Stalker Assassin began the quest for the Orb.
     0 | D:1      | Reached XP level 1. HP: 11/11 MP: 2/2
   120 | D:1      | Reached skill level 5 in Stealth
   148 | D:1      | Reached XP level 2. HP: 15/15 MP: 3/3
   893 | D:2      | Reached XP level 3. HP: 18/18 MP: 4/4
  1315 | D:2      | Found an opulent altar of Gozag.
  1316 | D:2      | Found a glowing silver altar of Zin.
  1458 | D:3      | Reached XP level 4. HP: 23/23 MP: 5/5
  1660 | D:4      | Reached XP level 5. HP: 8/28 MP: 4/6
  1958 | D:5      | Entered Level 5 of the Dungeon
  1958 | D:5      | Noticed a sky beast
  2006 | D:5      | Noticed Ijustatesigmund's ghost (novice VSAs)
  2027 | D:4      | Gained mutation: You heal very quickly. [Vine Stalker growth]
  2027 | D:4      | Reached XP level 6. HP: 16/32 MP: 7/7
  2107 | D:4      | Found a shadowy altar of Dithmenos.
  2133 | D:4      | Became a worshipper of Dithmenos the Shadowed
  2202 | D:4      | Found a radiant altar of Vehumet.
  2342 | D:4      | Reached XP level 7. HP: 37/37 MP: 8/8
  2819 | D:5      | Noticed Dowan
  2822 | D:5      | Noticed Duvessa
  2844 | D:5      | Killed Duvessa
  2941 | D:5      | Killed Dowan
  2961 | D:5      | Gained mutation: You have razor-sharp teeth. [Vine Stalker growth]
  2961 | D:5      | Reached XP level 8. HP: 31/42 MP: 7/9
  3009 | D:5      | Reached skill level 5 in Fighting
  3108 | D:5      | Reached skill level 5 in Short Blades
  3118 | D:5      | Reached * piety under Dithmenos
  3385 | D:5      | Killed Ijustatesigmund's ghost
  3445 | D:6      | Reached skill level 1 in Dodging
  3445 | D:6      | Reached skill level 1 in Invocations
  3689 | D:6      | Reached XP level 9. HP: 7/47 MP: 10/12
  3819 | D:6      | Found a staircase to the Ecumenical Temple.
  3958 | D:6      | Found a sand-covered staircase.
  3965 | Ossuary  | Entered an ossuary
  4032 | Ossuary  | Reached ** piety under Dithmenos
  4508 | D:6      | You fall through a shaft!
  4508 | D:7      | Found an ancient bone altar of Kikubaaqudgha.
  4548 | D:7      | Reached skill level 1 in Armour
  4660 | D:7      | Noticed Prince Ribbit
  4677 | D:7      | Killed Prince Ribbit
  4795 | D:7      | Reached *** piety under Dithmenos
  5373 | D:7      | Found a sacrificial altar of Ru.
  5380 | D:7      | Found a white marble altar of Elyvilon.
  5873 | D:8      | Reached skill level 5 in Invocations
  5873 | D:8      | Reached XP level 10. HP: 44/53 MP: 12/14
  6368 | D:8      | Found a staircase to the Lair.
  6915 | D:9      | Reached **** piety under Dithmenos
  7377 | D:10     | Entered Level 10 of the Dungeon
  7384 | D:10     | Found a radiant altar of Vehumet.
  7697 | D:10     | Killed an unseen horror
  7968 | D:10     | Identified a scroll of acquirement
  7971 | D:10     | Got an ichor-stained buckler
  7981 | D:10     | Identified the +1 buckler of Impermeability {-Tele *Corrode MR+++ Stlth+} (You acquired it on level 10 of the Dungeon)
  8440 | D:10     | Reached XP level 11. HP: 58/58 MP: 19/19
  8743 | Lair:1   | Entered Level 1 of the Lair of Beasts
  8770 | Lair:1   | Noticed a death yak
  8773 | Lair:1   | Noticed a death yak
  8774 | Lair:1   | Noticed a death yak
  8813 | Lair:1   | Killed a death yak
  8950 | Lair:1   | Noticed a five-headed hydra
  8957 | Lair:1   | Killed a five-headed hydra
  8957 | Lair:1   | Reached skill level 5 in Shields
  9190 | Lair:2   | Got a dazzling plate armour
  9697 | Lair:2   | HP: 2/58 [blink frog (4)]
  9700 | Lair:2   | Slain by a black mamba

Vault maps used:
D:1:      erik_arrival_cave_to_civilisation
D:2:      grunt_temple_overflow_gold_and_silver, first_bread
D:4:      lemuel_coloured_pillars_altar, minmay_misc_feat_chi,
          minmay_stone_trees_small, vehumet_altar_wand_db
D:5:      uniq_duvessa
D:6:      enter_ossuary_1
D:7:      amethyst_overflow_temple_binary, kiku_gazebo_pond_becter,
          grunt_ogre_cave, uniq_prince_ribbit1
D:8:      erik_lair_dragon
D:10:     basic_altar, serial_bayou_ford_a, feat_on_display
Ossuary:  ossuary_tomb_2

Skill      XL: |  1  2  3  4  5  6  7  8  9 10 11 |
---------------+----------------------------------+-----
Short Blades   | 2 3 4 5 6 7 |  7.3
Stealth        | 5 6 7 8 9 |  9.9
Fighting       | 2 3 4 5 6 7 |  7.2
Dodging        | 2 |  2.8
Invocations    | 2 5 9 |  9.8
Armour         | 2 |  2.5
Shields        | 2 5 |  5.5
Throwing       | |  1.7

Action                   |  1- 3 |  4- 6 |  7- 9 | 10-12 || total
-------------------------+-------+-------+-------+-------++-------
Melee: Dagger            |    65 |   153 |   536 |   470 ||  1224
       Bite              |     7 |    53 |   174 |   171 ||   405
 Fire: Blowgun           |       |       |     9 |       ||     9
Throw: Throwing net      |       |       |       |     3 ||     3
Invok: Shadow Step       |       |       |       |     1 ||     1
Evoke: Wand              |       |       |       |     6 ||     6
  Use: Scroll            |     6 |     2 |    13 |    13 ||    34
       Potion            |       |     1 |     2 |     3 ||     6
 Stab: Sleeping          |    12 |     3 |    35 |    21 ||    71
       Fleeing           |       |       |     1 |       ||     1
       Held in net/web   |       |       |       |     3 ||     3
       Distracted        |       |       |       |     2 ||     2
  Eat: Chunk             |     1 |     4 |     5 |     5 ||    15
       Pizza             |       |       |     1 |       ||     1
       Meat ration       |       |       |     1 |       ||     1
       Royal jelly       |       |       |       |     2 ||     2
       Fruit             |       |       |       |     2 ||     2
Armor: Robe              |    17 |    34 |    41 |    97 ||   189
       Skin              |       |       |    19 |       ||    19
       Leather armour    |       |       |    23 |    11 ||    34
Dodge: Dodged            |    26 |    77 |   171 |   233 ||   507
Block: Buckler           |       |       |       |    33 ||    33
